 Dungeon Crawl Stone Soup version 0.28.0-62-gf88900778d (webtiles) character file.

Game seed: 16020773446688832752

16067 browni3141 the Spear-Bearer (level 12, -4/83 HPs)
             Began as a Human Enchanter on Feb 27, 2023.
             Was a Priest of Nemelex Xobeh.
             Slain by a vampire (9 damage)
             ... on level 12 of the Dungeon.
             The game lasted 00:51:41 (19640 turns).

browni3141 the Spear-Bearer (Human Enchanter)      Turns: 19640, Time: 00:51:42

Health: -4/83      AC:  8    Str:  8    XL:     12   Next: 65%
Magic:  14/16      EV: 13    Int: 21    God:    Nemelex Xobeh [***...]
Gold:   908        SH:  0    Dex: 14    Spells: 3/17 levels left

rFire   . . .      SeeInvis .   z - +0 glaive
rCold   . . .      Faith    .   (shield currently unavailable)
rNeg    . . .      Spirit   .   A - +0 steam dragon scales
rPois   .          Reflect  .   s - +0 helmet
rElec   .          Harm     .   (no cloak)
rCorr   +          Rampage  .   l - +0 pair of gloves
Will    .....                   e - +0 pair of boots
Stlth   +++.......              g - amulet of regeneration
HPRegen 1.03/turn               R - ring of resist corrosion
MPRegen 0.15/turn               (no ring)

@: spiked, studying Air Magic, invisible
A: no striking features
a: Renounce Religion, Draw Escape, Draw Destruction, Draw Summoning, Triple Draw


You were on level 12 of the Dungeon.
You worshipped Nemelex Xobeh.
Nemelex Xobeh was most pleased with you.
You visited 2 branches of the dungeon, and saw 13 of its levels.
You also visited: Bailey.

You collected 940 gold pieces.
You spent 32 gold pieces at shops.


   Skills:
 - Level 4.0 Fighting
 - Level 2.0 Short Blades
 * Level 13.8 Polearms
 - Level 3.0 Dodging
 - Level 6.0 Stealth
 - Level 3.0 Spellcasting
 - Level 2.0 Conjurations
 - Level 10.0 Hexes
 - Level 2.0 Summonings
 - Level 2.0 Ice Magic
 - Level 6.0 Invocations
 - Level 3.0 Evocations


You had 3 spell levels left.
You knew the following spells:

 Your Spells              Type           Power      Damage    Failure   Level
d - Tukima's Dance        Hex            45%        N/A       1%          3
f - Dazzling Flash        Conj/Hex       56%        N/A       3%          3
g - Summon Guardian Gole  Hex/Summ       28%        N/A       3%          3
o - Confusing Touch       Hex            45%        N/A       1%          3
z - Ensorcelled Hibernat  Hex/Ice        56%        N/A       1%          2

Your spell library contained the following spells:

 Spells                   Type           Power      Damage    Failure   Level
 Static Discharge         Conj/Air       7%         N/A       13%         2
 Sticky Flame             Conj/Fire      7%         2d3       65%         4
 Dispel Undead            Necr           3%         3d7       78%         4
 Orb of Destruction       Conj           5%         9d5       100%        7
 Spellforged Servitor     Conj/Summ      5%         N/A       100%        7

Inventory:

Hand Weapons
 t - a +0 spear
 z - a +0 glaive (weapon)
Armour
 e - a +0 pair of boots (worn)
 l - a +0 pair of gloves (worn)
 q - +0 acid dragon scales
 s - a +0 helmet (worn)
 A - +0 steam dragon scales (worn)
Jewellery
 g - an amulet of regeneration (around neck)
 r - an amulet of the acrobat
 R - a ring of resist corrosion (left hand)
Wands
 j - a wand of digging (4)
 m - a wand of flame (6)
 J - a wand of charming (3)
Scrolls
 c - 3 scrolls of magic mapping
 k - a scroll of immolation {unknown}
 n - a scroll of noise {!r}
 w - 2 scrolls of holy word {unknown}
 y - 4 scrolls of blinking {unknown}
 B - 3 scrolls of vulnerability {unknown}
 C - 2 scrolls of fear {unknown}
 D - a scroll of enchant armour {unknown}
 E - a scroll of torment {unknown}
 H - a scroll of teleportation {@r4}
 L - 2 scrolls of identify {@r1}
Potions
 a - 2 potions of flight {unknown}
 d - 2 potions of might
 h - a potion of magic
 i - 2 potions of haste {@q3}
 o - a potion of experience {unknown}
 p - 2 potions of attraction {unknown}
 u - 4 potions of mutation {!q}
 v - 3 potions of cancellation
 x - 2 potions of berserk rage {!q}
 F - a potion of degeneration {unknown}
 G - a potion of resistance
 I - a potion of lignification {unknown}
 K - a potion of invisibility
Miscellaneous
 b - a condenser vane (inert)

Dungeon Overview and Level Annotations

Branches:
Dungeon (12/15)            Temple (1/1) D:6            Lair (0/6) D:9
    Orc (0/2) D:10         Bailey (visited)

Altars:
Ashenzari
Cheibriados
Dithmenos
Elyvilon
Fedhas
Gozag
Hepliaklqana
Kikubaaqudgha
Makhleb
Nemelex Xobeh
Okawaru
Qazlal
Ru
Sif Muna
Trog
Uskayaw
Vehumet
Wu Jian
Xom
Yredelemnul
Zin
The Shining One

Shops:
D:8 *

Annotations:
D:2 dig vault
D:3 3 runed translucent doors, tkbsonic5's ghost, amateur DEEn
D:7 exclusion: boulder beetle

¦¦¦ ¦.. ¦..¦¦¦¦¦¦¦¦¦
¦...?......¦
¦¦¦¦¦..........¦¦¦¦¦¦¦¦¦¦¦
.......yy.{..............¦
........V@...............¦
........H................¦
.............¦¦¦¦¦.¦¦¦¦¦¦¦
.............¦ ¦.¦
.............¦ ¦.¦
#####...........¦ ¦.¦
#...#######.....¦ ¦.¦¦¦
#####.........#.....¦
¦...¦
.....(........#.....¦
¦...¦¦¦¦


You could see a manticore, a vampire (slow, ally target), 2 friendly killer bees
and a friendly -2 quarterstaff (summoned).


Message History

The vampire hits you but does no damage.
The vampire bites you.
* * * LOW HITPOINT WARNING * * *
The vampire draws strength from your injuries!
The manticore bites you!
* * * LOW HITPOINT WARNING * * *
The manticore claws you!
* * * LOW HITPOINT WARNING * * *
The manticore misses you.
Your killer bee stings the vampire.
Your killer bee misses the vampire.
Unknown command.
Okay, then.
Unknown command.
Unknown command.
Okay, then.
Unknown command.
Unknown command.
Okay, then.
Unknown command.
You draw... (choose one card, ? for their descriptions) a - Velocity
b - the Tomb c - Velocity You have drawn Velocity.
The vampire seems to slow down.
Your killer bee seems to speed up. x2
Your killer bee stings the vampire. x2; Your killer bee misses the vampire.
Your killer bee stings the vampire but does no damage.
The manticore misses you. x3; The vampire hits you!
You die...
Your body glows slightly and disappears.

Skill      XL: |  1  2  3  4  5  6  7  8  9 10 11 12 |
---------------+-------------------------------------+-----
Fighting       | 1 2 4 |  4.0
Ice Magic      | 1 2 |  2.0
Hexes          | 4 5 6 8 10 | 10.0
Stealth        | 4 6 |  6.0
Evocations     | 3 |  3.0
Short Blades   | 2 |  2.0
Spellcasting   | 3 |  3.0
Polearms       | 6 9 11 13 | 13.8
Dodging        | 3 |  3.0
Invocations    | 3 6 |  6.0
Conjurations   | 2 |  2.0
Summonings     | 2 |  2.0

Action                   |  1- 3 |  4- 6 |  7- 9 | 10-12 || total
-------------------------+-------+-------+-------+-------++-------
Melee: Dagger            |    84 |   155 |   199 |       ||   438
       Punch             |     1 |     2 |     8 |       ||    11
       Glaive            |       |       |       |   771 ||   771
       Spear             |       |       |       |    73 ||    73
 Cast: Ensorcelled Hiber |    21 |    37 |    40 |    57 ||   155
       Tukima's Dance    |       |     7 |    10 |    54 ||    71
       Confusing Touch   |       |     1 |    16 |    37 ||    54
       Summon Guardian G |       |       |       |     8 ||     8
Invok: Draw Summoning    |       |       |       |     3 ||     3
       Draw Destruction  |       |       |       |     2 ||     2
       Triple Draw       |       |       |       |     1 ||     1
Evoke: Wand              |       |       |     4 |    31 ||    35
       Condenser vane    |       |       |       |     2 ||     2
  Use: Potion            |     1 |       |       |     6 ||     7
       Scroll            |       |     2 |     8 |     4 ||    14
 Stab: Invisible         |     2 |       |       |       ||     2
       Sleeping          |    19 |    24 |    31 |    31 ||   105
       Paralysed         |       |       |     7 |    39 ||    46
       Confused          |       |       |     6 |    35 ||    41
       Distracted        |       |       |       |     5 ||     5
Armor: Robe              |     9 |    44 |    37 |       ||    90
       Steam dragon scal |       |       |     7 |   293 ||   300
Dodge: Dodged            |    46 |   128 |   117 |   688 ||   979

Levels and vault maps discovered:
D:1:      ebering_trefoil_3fold, layout_loops_ring,
          ebering_ecumenical_altar_webs, minmay_misc_feat_columns
D:2:      layout_loops_cross, serial_glass, glass_columns_c, glass_columns_b,
          glass_columns_b, glass_columns_b, due_unseen_surprise,
          chequers_serial_rivers_marsh, minmay_unequal
D:3:      layout_loops_ring, ebering_ghost_rock_garden
D:4:      layout_loops_ring, chequers_serial_rivers_micro_d, uniq_eustachio
D:5:      layout_loops_ring, uniq_menkaure
D:6:      layout_basic, minmay_temple_entry_slanted, minivault_11
D:7:      nzn_winding_woodlands_stair_cross [nzn_winding_woodlands_5x15_eye,
          nzn_winding_woodlands_center_garden, nzn_winding_woodlands_5x15_pool,
          nzn_winding_woodlands_5x5_open_star,
          nzn_winding_woodlands_5x5_perimeter,
          nzn_winding_woodlands_5x15_crooked,
          nzn_winding_woodlands_center_lodge,
          nzn_winding_woodlands_5x15_river_crossing], layout_basic,
          water_boxes_lemuel
D:8:      layout_gridville, nicolae_alphabet_shops
D:9:      layout_loops_corners, regret_index_temple_of_mockery,
          david_lair_shrubbed, enter_bailey_4, hangedman_fish_farm
D:10:     layout_loops_corners, orc_0_dummy, kennysheep_just_a_vault
D:11:     layout_loops_ring, special_room [special_room_orc],
          chequers_serial_rivers_room_a, minivault_5
D:12:     layout_irregular_city, kennysheep_cross_bottleneck
Temple:   mainiacjoe_temple_big_plus

Notes
Turn   | Place    | Note
-------+----------+-------------------------------------------
     0 | D:1      | browni3141 the Human Enchanter began the quest for the Orb.
     0 | D:1      | Reached XP level 1. HP: 13/13 MP: 3/3
    82 | D:1      | Reached skill level 1 in Fighting
    92 | D:1      | Reached XP level 2. HP: 3/21 MP: 5/5
   358 | D:1      | Learned a level 2 spell: Ensorcelled Hibernation
   720 | D:1      | Reached skill level 2 in Fighting
  1358 | D:1      | Found a faded altar of an unknown god.
  1417 | D:1      | Reached skill level 1 in Ice Magic
  1417 | D:1      | Reached XP level 3. HP: 24/27 MP: 1/6
  1947 | D:2      | Reached skill level 2 in Ice Magic
  1951 | D:2      | Learned a level 3 spell: Tukima's Dance
  2589 | D:2      | Reached XP level 4. HP: 27/33 MP: 0/7
  2904 | D:2      | Reached skill level 4 in Hexes
  3087 | D:3      | Reached XP level 5. HP: 38/38 MP: 4/8
  3806 | D:3      | Found a runed translucent gate.
  3806 | D:3      | Found a runed translucent gate.
  3806 | D:3      | Found a runed translucent gate.
  3806 | D:3      | Noticed tkbsonic5's ghost (amateur DEEn)
  4191 | D:3      | Reached skill level 5 in Hexes
  4661 | D:4      | Reached XP level 6. HP: 19/44 MP: 5/9
  4841 | D:4      | Learned a level 3 spell: Confusing Touch
  4844 | D:4      | Noticed Eustachio
  5425 | D:4      | Noticed a sky beast
  5478 | D:4      | Noticed an ogre
  5663 | D:4      | Killed an ogre
  5664 | D:4      | Reached skill level 6 in Hexes
  5934 | D:4      | Reached XP level 7. HP: 50/50 MP: 10/10
  6000 | D:4      | Reached skill level 7 in Hexes
  6308 | D:4      | Killed Eustachio
  6466 | D:5      | Entered Level 5 of the Dungeon
  6675 | D:5      | Reached skill level 8 in Hexes
  7040 | D:5      | Reached skill level 4 in Stealth
  7040 | D:5      | Reached XP level 8. HP: 26/56 MP: 2/11
  7219 | D:5      | Noticed a wyvern
  7240 | D:5      | Killed a wyvern
  7241 | D:5      | Reached skill level 5 in Stealth
  7451 | D:5      | Noticed Menkaure
  7478 | D:5      | Reached skill level 6 in Stealth
  7480 | D:5      | Killed Menkaure
  7481 | D:5      | Reached skill level 3 in Fighting
  7918 | D:5      | Reached skill level 4 in Fighting
  8065 | D:5      | Reached XP level 9. HP: 50/65 MP: 9/12
  8255 | D:5      | Reached skill level 1 in Evocations
  8499 | D:5      | Reached skill level 2 in Short Blades
  8499 | D:5      | Reached skill level 3 in Spellcasting
  8796 | D:5      | Reached skill level 1 in Polearms
  8941 | D:6      | Reached skill level 3 in Dodging
  9177 | D:6      | Reached skill level 2 in Polearms
  9177 | D:6      | Reached skill level 2 in Evocations
  9276 | D:6      | Reached skill level 3 in Polearms
  9428 | D:6      | Found a staircase to the Ecumenical Temple.
  9717 | D:6      | Reached skill level 3 in Evocations
  9913 | D:6      | Reached skill level 4 in Polearms
 10154 | D:7      | Reached skill level 5 in Polearms
 10455 | D:7      | Reached skill level 6 in Polearms
 10564 | D:7      | Reached XP level 10. HP: 71/71 MP: 5/14
 10577 | Temple   | Entered the Ecumenical Temple
 11027 | Temple   | Became a worshipper of Nemelex Xobeh the Trickster
 11139 | D:6      | Reached skill level 7 in Polearms
 11464 | D:6      | Reached skill level 8 in Polearms
 11580 | D:7      | Noticed a komodo dragon
 11596 | D:7      | Killed a komodo dragon
 11687 | D:7      | Noticed a boulder beetle
 11742 | D:6      | Reached skill level 9 in Polearms
 11803 | D:6      | Learned a level 3 spell: Dazzling Flash
 12074 | D:7      | Reached skill level 1 in Invocations
 12141 | D:7      | Reached skill level 1 in Conjurations
 12207 | D:7      | Reached skill level 2 in Invocations
 12774 | D:7      | Reached skill level 3 in Invocations
 12783 | D:7      | Reached skill level 2 in Conjurations
 12783 | D:7      | Reached XP level 11. HP: 73/77 MP: 15/15
 13111 | D:8      | Found Ilan's Incredible Inventory.
 13926 | D:8      | Reached skill level 4 in Invocations
 13937 | D:7      | Reached skill level 9 in Hexes
 14041 | D:8      | Bought a scroll of identify for 32 gold pieces
 14285 | D:8      | Reached skill level 10 in Polearms
 14866 | D:9      | Found a hazy altar of Hepliaklqana.
 14867 | D:9      | Found a shimmering altar of Xom.
 14900 | D:9      | Reached * piety under Nemelex Xobeh
 14920 | D:9      | Noticed a two-headed ogre
 14934 | D:9      | Killed a two-headed ogre
 14935 | D:9      | Reached skill level 5 in Invocations
 15036 | D:9      | Found a flagged portal.
 15056 | Bailey   | Entered a bailey
 15297 | Bailey   | Noticed a vault guard
 15387 | Bailey   | Noticed Prince Ribbit
 15606 | Bailey   | Killed a vault guard
 15607 | Bailey   | Reached skill level 6 in Invocations
 15650 | Bailey   | Killed Prince Ribbit
 15651 | Bailey   | Reached skill level 10 in Hexes
 15761 | Bailey   | Noticed a vault guard
 15780 | Bailey   | Killed a vault guard
 15781 | Bailey   | Reached skill level 11 in Polearms
 15987 | D:9      | Received a gift from Nemelex Xobeh
 16309 | D:9      | Reached ** piety under Nemelex Xobeh
 16318 | D:9      | Received a gift from Nemelex Xobeh
 16320 | D:9      | Found a staircase to the Lair.
 16553 | D:9      | Reached XP level 12. HP: 78/83 MP: 16/16
 16768 | D:10     | Entered Level 10 of the Dungeon
 16773 | D:10     | Learned a level 3 spell: Summon Guardian Golem
 17119 | D:10     | Reached skill level 1 in Summonings
 17220 | D:10     | Found a staircase to the Orcish Mines.
 17297 | D:10     | HP: 1/83 [red ugly thing (22)]
 17312 | D:10     | Reached skill level 12 in Polearms
 17312 | D:10     | Reached skill level 2 in Summonings
 17388 | D:10     | Received a gift from Nemelex Xobeh
 18350 | D:11     | Received a gift from Nemelex Xobeh
 18374 | D:11     | Noticed a two-headed ogre
 18388 | D:11     | Killed a two-headed ogre
 18636 | D:11     | Reached *** piety under Nemelex Xobeh
 18964 | D:11     | Reached skill level 13 in Polearms
 19309 | D:12     | Received a gift from Nemelex Xobeh
 19453 | D:12     | Noticed a two-headed ogre
 19464 | D:12     | Killed a two-headed ogre
 19639 | D:12     | HP: 4/83 [manticore (7)]
 19640 | D:12     | Slain by a vampire

Vanquished Creatures
  2 vault guards (Bailey)
  An ugly thing (D:10)
  2 cyclopes (D:12)
  2 komodo dragons
  2 trolls
  A meliai (D:7)
  A merfolk (D:9)
  A hornet (D:10)
  A tarantella (shapeshifter) (D:10)
  A slime creature (D:7)
  Prince Ribbit (Bailey)
  A wraith (D:11)
  A yak (D:6)
  A dancing weapon (Bailey)
  2 wyverns
  5 humans (Bailey)
  2 steam dragons
  A vampire mosquito (D:7)
  Menkaure (D:5)
  3 water moccasins
  3 acid dragons
  2 orc warriors
  A hornet zombie (D:8)
  2 sky beasts
  4 ice beasts
  6 centaurs
  2 ogres
  2 phantoms (D:7)
  8 bullfrogs
  2 wyvern zombies
  A gnoll sergeant (D:8)
  A scorpion (D:7)
  A wyvern skeleton (D:4)
  22 killer bees
  4 howler monkeys
  8 wights
  2 electric eels (D:7)
  6 centaur zombies
  A jelly (D:7)
  3 bullfrog skeletons
  4 centaur skeletons
  8 orc priests
  3 hounds
  6 iguanas
  6 orc wizards
  2 howler monkey skeletons (D:7)
  2 howler monkey zombies (D:7)
  9 gnolls
  11 adders
  A white imp (D:6)
  An ufetubus (D:7)
  A worm (D:4)
  An adder skeleton (D:4)
  2 dart slugs
  40 orcs
  3 bats (D:2)
  6 endoplasms
  A giant cockroach (D:4)
  7 goblins
  12 hobgoblins
  7 jackals
  6 kobolds
  A quokka (D:3)
  4 ball pythons
  3 frilled lizards
  3 rats
263 creatures vanquished.

Vanquished Creatures (collateral kills)
  3 two-headed ogres
  A human (Bailey)
  Eustachio (D:4)
  2 orc warriors
  4 ogres
  A bullfrog (Bailey)
  A kobold brigand (D:6)
  2 wights
  A killer bee zombie (D:7)
  2 gnolls
  2 orcs
  A goblin (Bailey)
21 creatures vanquished.

Vanquished Creatures (others)
  2 trolls (D:12)
  A wraith (D:12)
  12 dancing weapons
  An acid dragon (D:12)
  An orc priest (D:12)
  An orc (D:12)
  13 plants
31 creatures vanquished.

Grand Total: 315 creatures vanquished

Table legend: (Time is in decaauts)
 A = Elapsed time spent in this place.
 B = Non-inter-level travel time spent in this place.
 C = Inter-level travel time spent in this place.
 D = Time resting spent in this place.
 E = Time spent auto-exploring this place.
 F = Levels seen in this place.
 G = Mean time per level.
                   A        B        C        D        E       F      G
               +--------+--------+--------+--------+--------+-----+--------+
         Total |  19787 |  18948 |    839 |   3218 |  11778 |  14 | 1413.4 |
       Dungeon |  18516 |  17712 |    804 |   2910 |  11183 |  12 | 1543.0 |
        Temple |    472 |    437 |     35 |      0 |    428 |   1 |  472.0 |
        Bailey |    798 |    798 |      0 |    308 |    166 |   1 |  798.0 |
               +--------+--------+--------+--------+--------+-----+--------+

Top non-repeatable levels by time:
     D:5: 2551 daAuts
     D:7: 2414 daAuts
     D:6: 1819 daAuts
     D:1: 1805 daAuts
     D:4: 1735 daAuts
     D:2: 1735 daAuts
     D:9: 1348 daAuts
     D:3: 1268 daAuts
    D:10: 1222 daAuts
    D:11: 1179 daAuts
     D:8: 946 daAuts
  Bailey: 798 daAuts
    D:12: 490 daAuts
  Temple: 472 daAuts

Table legend:
 A = Non-vault XP
 B = Vault XP
 C = Vault XP percentage of total XP
 D = Non-vault monster count
 E = Vault monster count
 F = Vault count percentage of total count
                 A         B        C        D         E       F
            +---------+---------+-------+---------+---------+-------
      Total |   13744 |    9210 |  40.1 |     189 |     100 |  34.6
            +---------+---------+-------+---------+---------+-------
        D:1 |      49 |       0 |   0.0 |      19 |       0 |   0.0
        D:2 |      96 |       4 |   4.0 |      21 |       2 |   8.7
        D:3 |      89 |       0 |   0.0 |      16 |       0 |   0.0
        D:4 |     411 |     182 |  30.7 |      16 |       1 |   5.9
        D:5 |    1457 |     172 |  10.6 |      25 |       1 |   3.8
        D:6 |     977 |     666 |  40.5 |      17 |       6 |  26.1
        D:7 |    1603 |    2813 |  63.7 |      22 |      30 |  57.7
        D:8 |    1028 |       0 |   0.0 |      16 |       0 |   0.0
        D:9 |    1621 |     706 |  30.3 |      10 |       7 |  41.2
       D:10 |    1794 |     295 |  14.1 |      11 |       1 |   8.3
       D:11 |    1427 |     436 |  23.4 |       4 |      27 |  87.1
       D:12 |    3192 |       0 |   0.0 |      12 |       0 |   0.0
     Bailey |       0 |    3936 | 100.0 |       0 |      25 | 100.0
            +---------+---------+-------+---------+---------+-------
